AoeStats
← Adams1491

Arena

508424121Analyzed
4v4 RM · 11d ago on Sep 22, 2026· 47m 6s· 8 players
Game mode
Random Map
Map size
Large (8 player)
Population
200
Speed
Normal
Resources
Standard
Victory
Conquest
Starting age
Dark Age
Ending age
Imperial Age
RankedLock teamsTeams togetherTeam positionsShared explorationLock speedFull tech treeHidden civsTurbo modeCheats
Victory
Defeat
🇨🇿 Gurjaras · Czechia
1468
+13
🇲🇽 Italians · Mexico
1411
+16
🇪🇸 Vietnamese · Spain
1322
+20
🇨🇳 Georgians · China
1321
+20
🇨🇳 Georgians · China
1426
-18
🇹🇼 Bohemians · Taiwan
1423
-18
🇻🇳 Mongols · Vietnam
1390
-17
🇨🇳 Goths · China
1368
-16
逝
2:37 Loom
8:47 Feudal Age
11:04 Wheelbarrow
15:30 Castle Age
13:36 Horse Collar
13:46 Double-Bit Axe
13:43 Horse Collar
29:14 Heavy Plow
33:23 Imperial Age
30:36 Treadmill Crane
30:58 Town Watch
31:22 Scale Mail Armor
31:33 Forging
32:22 Chain Mail Armor
31:28 Pikeman
32:08 Squires
31:54 Arson
31:54 Gambesons
33:01 Svan Towers
32:54 Guard Tower
33:25 Ballistics
34:00 Arrowslits
35:16 Chemistry
33:58 Halberdier
34:34 Fletching
江哥
10:08 Feudal Age
14:28 Castle Age
12:54 Double-Bit Axe
13:42 Horse Collar
15:47 Bow Saw
18:32 Town Watch
18:33 Loom
24:19 Wheelbarrow
24:44 Heavy Plow
24:56 Bow Saw
29:35 Imperial Age
27:47 Hand Cart
27:37 Scale Mail Armor
28:16 Gold Mining
28:16 Stone Mining
27:58 Pikeman
28:39 Squires
28:54 Anarchy
29:24 Chain Mail Armor
30:10 Forging
30:49 Conscription
29:56 Halberdier
30:31 Elite Huskarl
32:39 Chemistry
32:28 Perfusion
35:13 Coinage
36:22 Iron Casting
41:20 Blast Furnace
Chut Pro
2:24 Loom
10:36 Feudal Age
15:00 Castle Age
13:33 Double-Bit Axe
14:09 Horse Collar
16:57 Wheelbarrow
32:21 Imperial Age
29:50 Fletching
30:54 Gold Mining
33:28 Hand Cart
33:34 Elite Steppe Lancer
34:15 Husbandry
34:26 Bloodlines
34:23 Scale Barding Armor
34:28 Forging
36:31 Chain Barding Armor
36:48 Iron Casting
40:35 Blast Furnace
42:24 Bow Saw
43:37 Padded Archer Armor
43:32 Bodkin Arrow
Adams1491
10:55 Feudal Age
14:58 Castle Age
12:53 Horse Collar
14:35 Double-Bit Axe
15:32 Wheelbarrow
22:57 Hand Cart
23:00 Heavy Plow
23:07 Loom
23:43 Town Watch
27:38 Chemistry
27:00 Fletching
27:19 Scale Mail Armor
27:29 Forging
30:40 Imperial Age
29:01 Forging
29:28 Chain Mail Armor
29:03 Pikeman
29:44 Squires
30:31 Iron Casting
31:54 Conscription
31:15 Halberdier
35:20 Fortified Wall
36:23 Siege Engineers
37:28 Padded Archer Armor
38:11 Houfnice
polom.s1989
8:36 Loom
10:41 Feudal Age
16:21 Castle Age
15:21 Horse Collar
15:29 Double-Bit Axe
16:04 Gold Mining
17:45 Bow Saw
17:36 Heavy Plow
18:49 Wheelbarrow
21:51 Town Watch
23:29 Hand Cart
26:54 Gold Shaft Mining
30:17 Imperial Age
28:01 Stone Mining
29:25 Kshatriyas
29:35 Forging
30:33 Stone Shaft Mining
30:16 Scale Barding Armor
31:21 Iron Casting
31:03 Bloodlines
31:42 Crop Rotation
31:45 Chain Barding Armor
32:35 Scale Mail Armor
32:58 Conscription
32:10 Elite Chakram Thrower
36:09 Chain Mail Armor
36:59 Arson
40:57 Plate Barding Armor
40:53 Plate Mail Armor
39:54 Heavy Camel Rider
pataka
2:46 Loom
10:59 Feudal Age
16:54 Castle Age
16:43 Double-Bit Axe
16:40 Horse Collar
18:14 Fletching
21:27 Bodkin Arrow
23:13 Gold Mining
28:52 Imperial Age
27:40 Heavy Plow
30:48 Chemistry
30:22 Padded Archer Armor
32:37 Leather Archer Armor
34:25 Ring Archer Armor
38:12 Ballistics
38:05 Bracer
37:33 Crossbowman
39:11 Wheelbarrow
38:22 Town Watch
42:53 Forging
42:44 Scale Mail Armor
42:28 Arbalester
43:13 Thumb Ring
斩邪留正
9:53 Feudal Age
14:31 Castle Age
12:58 Double-Bit Axe
13:08 Horse Collar
16:49 Wheelbarrow
21:16 Bow Saw
25:33 Hand Cart
30:04 Imperial Age
27:21 Loom
27:57 Fletching
27:52 Treadmill Crane
28:35 Ballistics
28:17 Stone Mining
28:20 Gold Mining
28:33 Bodkin Arrow
28:33 Guard Tower
28:39 Murder Holes
29:27 Masonry
30:03 Svan Towers
31:10 Bracer
31:52 Keep
31:02 Arrowslits
32:18 Chemistry
31:26 Siege Engineers
32:24 Stone Shaft Mining
31:24 Pikeman
32:57 Cavalier
34:22 Halberdier
35:41 Architecture
36:29 Bloodlines
36:20 Husbandry
36:52 Forging
36:47 Scale Barding Armor
37:07 Conscription
38:52 Heavy Plow
40:15 Fortified Wall
41:01 Iron Casting
40:47 Chain Barding Armor
43:50 Blast Furnace
43:25 Plate Barding Armor
43:27 Town Watch
46:50 Man-at-Arms
48:07 Crop Rotation
Kanon
10:38 Feudal Age
8:54 Loom
14:35 Castle Age
13:32 Double-Bit Axe
13:33 Horse Collar
15:56 Fletching
19:31 Ballistics
22:04 Padded Archer Armor
23:26 Bodkin Arrow
26:57 Wheelbarrow
30:17 Imperial Age
28:21 Scale Mail Armor
28:41 Gold Mining
29:17 Forging
30:59 Squires
31:17 Chain Mail Armor
31:51 Conscription
34:01 Plate Mail Armor
37:17 Arson
38:22 Leather Archer Armor
40:55 Iron Casting
43:02 Stone Mining
43:40 Heavy Plow
45:27 Ring Archer Armor
47:19 Blast Furnace
46:20 Bracer
46:14 Town Watch
46:44 Hand Cart
47:48 Crop Rotation
47:29 Bow Saw
Connection lost

Rejoining the realm…

Still unreachable

The connection could not be restored.

Session expired

The server has moved on; the page needs a fresh start.